 Dungeon Crawl Stone Soup version 0.26-a0-662-g8b9c6dab81 (webtiles) character file.

Game seed: 268774204360875985

508231 marklar909 the Peltast (level 26, -28/262 HPs)
             Began as a Formicid Earth Elementalist on Oct 9, 2020.
             Was the Champion of Fedhas.
             Killed from afar by marklar909's illusion (illusionary) (67 damage)
             ... with an iron shot
             ... woven by Mara
             ... on level 3 of the Depths on Oct 10, 2020.
             The game lasted 04:22:54 (84128 turns).

marklar909 the Peltast (FoEE)                      Turns: 84128, Time: 04:22:55

Health: -28/262    AC: 31    Str: 32    XL:     26   Next: 74%
Magic:  20/36      EV: 18    Int: 19    God:    Fedhas [******]
Gold:   1879       SH: 28    Dex: 15    Spells: 12/52 levels left

rFire    + . .     SeeInvis +   b - +9 demon trident (flame)
rCold    + + .     Faith    .   E - +5 tower shield {rC+ rF+}
rNeg     + . .     Spirit   .   (armour currently unavailable)
rPois    ∞         Reflect  .   (helmet unavailable)
rElec    +         Harm     .   J - +2 cloak {MR+}
rCorr    .         Rampage  .   (gloves currently unavailable)
MR       ++++.                  (boots currently unavailable)
Stlth    +++++.....             Q - amulet of the Morning {Regen+ Str+5}
HPRegen  0.93/turn              P - ring "Jaeklaaz" {rPois rC- Str+6 Dex+4 Stlth+}
MPRegen  0.25/turn              o - ring "Maet" {rC++ MR+}

@: statue-form, very slow
A: permanent stasis, dig shafts and tunnels, four strong arms, antennae 3, dopey
1, low mp 1, strong 1
}: 2/15 runes: serpentine, barnacled
a: Dig, Shaft Self, End Transformation, Wall of Briars, Grow Ballistomycete,
Overgrow, Grow Oklob, Renounce Religion


You were on level 3 of the Depths.
You worshipped Fedhas.
Fedhas was exalted by your worship.
You were a stone statue.
You visited 8 branches of the dungeon, and saw 41 of its levels.
You also visited: Sewer, Ice Cave and Wizlab.

You collected 7632 gold pieces.
You spent 5753 gold pieces at shops.

Inventory:

Hand Weapons
 a - the +9 heavy crossbow "Sniper" {vorpal, Acc+∞ SInv}
   (You bought it in a shop on level 1 of the Snake Pit)

   Any bolt fired from it inflicts extra damage.
   It lets you see invisible.
 b - a +9 demon trident of flaming (weapon)
 W - a +2 glaive of holy wrath
Missiles
 g - 19 curare-tipped darts (quivered)
 h - 1102 bolts
Armour
 y - the +6 chain mail of the Morning (melded) {*Drain +Blink Str+3 Int+3}
   (You bought it in a shop on level 2 of the Orcish Mines)

   It affects your strength (+3).
   It affects your intelligence (+3).
   It lets you blink.
   It causes draining when unequipped.
 A - a +2 pair of gloves of strength (melded)
 E - a +5 tower shield of resistance (worn)
 J - a +2 cloak of magic resistance (worn)
 M - a +2 pair of boots (melded)
Jewellery
 o - the ring "Maet" (right hand) {rC++ MR+}
   (You took it off a deep elf archer on level 3 of the Elven Halls)

   [ring of protection from magic]

   It greatly protects you from cold.
   It affects your resistance to hostile enchantments.
 G - an uncursed ring of positive energy
 P - the ring "Jaeklaaz" (left hand) {rPois rC- Str+6 Dex+4 Stlth+}
   (You found it on level 4 of the Shoals)

   [ring of strength]

   It affects your strength (+6).
   It affects your dexterity (+4).
   It makes you vulnerable to cold.
   It protects you from poison.
   It makes you more stealthy.
 Q - the amulet of the Morning (around neck) {Regen+ Str+5}
   (You took it off a deep elf master archer on level 3 of the Elven Halls)

   [amulet of regeneration]

   It affects your strength (+5).
   It increases your rate of regeneration.
Wands
 u - a wand of disintegration (35)
 D - a wand of digging (39)
 N - a wand of acid (78)
 S - a wand of iceblast (19)
 U - a wand of flame (10)
Scrolls
 d - 11 scrolls of identify
 k - 7 scrolls of immolation
 n - 14 scrolls of remove curse
 v - 4 scrolls of amnesia
 H - 2 scrolls of magic mapping
 I - 8 scrolls of fear
 O - 8 scrolls of fog
 V - 2 scrolls of holy word
Potions
 c - 12 potions of stabbing
 e - 16 potions of curing
 f - 5 potions of brilliance
 l - a potion of heal wounds
 m - 8 potions of flight
 p - 10 potions of mutation
 q - 2 potions of cancellation
 r - 10 potions of lignification
 s - 7 potions of might
 z - 6 potions of ambrosia
 L - 2 potions of resistance
 T - a potion of magic
Miscellaneous
 i - a condenser vane (2/2)
 t - a tin of tremorstones (3/3)
 B - a box of beasts (3/3)
 X - a phial of floods
 Y - a phantom mirror


   Skills:
 * Level 15.2 Fighting
 * Level 14.9 Polearms
 * Level 8.4 Crossbows
 - Level 4.3 Throwing
 * Level 14.9 Armour
 + Level 9.0 Dodging
 + Level 8.2 Stealth
 + Level 17.6 Shields
 - Level 0.5 Unarmed Combat
 + Level 13.6 Spellcasting
 + Level 7.1 Conjurations
 + Level 7.0 Translocations
 * Level 14.7 Transmutations
 + Level 0.6 Fire Magic
 * Level 17.3 Earth Magic
 * Level 12.6 Poison Magic
 * Level 12.8 Invocations
 + Level 1.7 Evocations


You had 12 spell levels left.
You knew the following spells:

 Your Spells              Type           Power        Failure   Level
a - Iron Shot             Conj/Erth      ######....   5%          6
b - Stone Arrow           Conj/Erth      ######       1%          3
c - Lee's Rapid Deconstr  Erth           ######....   1%          5
d - Bolt of Magma         Conj/Fire/Erth #####.....   4%          5
e - Passage of Golubria   Tloc           N/A          2%          4
f - Irradiate             Conj/Tmut      ######....   1%          5
g - Statue Form           Tmut/Erth      ######...    1%          6
h - Eringya's Noxious Bo  Tmut/Pois      ######....   2%          6

Your spell library contained the following spells:

 Spells                   Type           Power        Failure   Level
 Beastly Appendage        Tmut           ######       0%          1
 Sandblast                Erth           ######       0%          1
 Passwall                 Tmut/Erth      ######..     0%          2
 Apportation              Tloc           #####.       1%          1
 Foxfire                  Conj/Fire      ####         1%          1
 Magic Dart               Conj           ####         1%          1
 Sting                    Tmut/Pois      ####         1%          1
 Poisonous Vapours        Pois/Air       #####.       1%          2
 Wereblood                Tmut           ######..     1%          2
 Gell's Gravitas          Tloc           #####.....   1%          3
 Ignite Poison            Fire/Tmut/Pois #####...     1%          3
 Lesser Beckoning         Tloc           #####.....   1%          3
 Mephitic Cloud           Conj/Pois/Air  #####...     1%          3
 Spider Form              Tmut/Pois      ######....   1%          3
 Teleport Other           Tloc           #####...     1%          3
 Olgreb's Toxic Radiance  Pois           ######..     1%          4
 Petrify                  Tmut/Erth      ######..     1%          4
 Alistair's Intoxication  Tmut/Pois      ######...    1%          5
 Blade Hands              Tmut           ######....   1%          5
 Hydra Form               Tmut           ######....   1%          6
 Ice Form                 Ice/Tmut       #####...     2%          4
 Iskenderun's Mystic Bla  Conj/Tloc      #####...     2%          4
 Conjure Flame            Conj/Fire      ####....     3%          3
 Portal Projectile        Hex/Tloc       ####..       3%          3
 Static Discharge         Conj/Air       ####....     3%          3
 Animate Skeleton         Necr           ##....       5%          1
 Corona                   Hex            ##.....      5%          1
 Pain                     Necr           ##..         5%          1
 Summon Small Mammal      Summ           ##..         5%          1
 Yara's Violent Unravell  Hex/Tmut       #####.....   7%          5
 Call Imp                 Summ           ##......     8%          2
 Slow                     Hex            ##......     8%          2
 Dragon Form              Tmut           ######....   10%         7
 Fulminant Prism          Conj/Hex       ####......   12%         4
 Vampiric Draining        Necr           ##........   16%         3
 Summon Forest            Summ/Tloc      ####......   32%         5
 Dispersal                Tloc           #####.....   38%         6
 Airstrike                Air            ##........   45%         4
 Animate Dead             Necr           ##........   45%         4
 Cause Fear               Hex            ##........   45%         4
 Summon Lightning Spire   Summ/Air       ##......     45%         4
 Agony                    Necr           ##......     82%         5
 Metabolic Englaciation   Hex/Ice        ##........   82%         5
 Silence                  Hex/Air        ##........   82%         5
 Lehudib's Crystal Spear  Conj/Erth      ######....   92%         8
 Freezing Cloud           Conj/Ice/Air   ###.......   96%         6
 Invisibility             Hex            ##......     100%        6
 Ozocubu's Refrigeration  Ice            ##........   100%        6
 Simulacrum               Ice/Necr       ##........   100%        6
 Spellforged Servitor     Conj/Summ      ####......   100%        7
 Chain Lightning          Conj/Air       ####......   100%        8
 Discord                  Hex            ##........   100%        8
 Disjunction              Tloc           #####.....   100%        8
 Absolute Zero            Ice            ##........   100%        9
 Fire Storm               Conj/Fire      ####......   100%        9
 Blink                    Tloc           Unusable     N/A         2
 Swiftness                Air            Unusable     N/A         2

Dungeon Overview and Level Annotations

Branches:
Dungeon (15/15)            Temple (0/1) D:6            Lair (6/6) D:8
 Shoals (4/4) Lair:2        Snake (4/4) Lair:3        Slime (0/5) Lair:5
    Orc (2/2) D:10            Elf (3/3) Orc:2        Vaults (4/5) D:14
  Crypt (0/3) Vaults:3     Depths (3/5) D:15          Sewer (visited)
  IceCv (visited)          WizLab (visited)

Altars:
Ashenzari
Dithmenos
Fedhas
Kikubaaqudgha
Nemelex Xobeh
Qazlal
Trog
Uskayaw
Vehumet
Xom
Yredelemnul
Zin
The Shining One
Beogh

Shops:
D:7 *   Orc:2 :(([   Elf:3 (   Shoals:4 *[[   Snake:1 (   Snake:2 =   Snake:4 (
Vaults:3 ?(:   Depths:1 *

Portals:
Hell: Depths:1 Depths:2 Depths:3
Trove: D:14 (give +6 demon trident)

Annotations:
D:9 1 exclusion
Elf:3 1 exclusion
Depths:3 Mara


Innate Abilities, Weirdness & Mutations

You cannot be hasted, slowed, berserked, paralysed or teleported.
You can dig through walls and to a lower floor.
Your four strong arms can wield two-handed weapons with a shield.
You have a pair of large antennae on your head. (SInv)
You are dopey. (Int -2)
Your magical capacity is low. (-10% MP)
((You are covered in fur. (AC +1)))
Your muscles are strong. (Str +2)


Message History

The wall shatters!
The blast of rock fragments hits Mara!
Mara is moderately wounded.
The blast of rock fragments hits marklar909's illusion but does no damage.
Marklar909's illusion is lightly damaged.
You block Mara's attack.
Marklar909's illusion casts a spell at you.
The stone arrow hits you!!!
* * * LOW HITPOINT WARNING * * *
Unknown command.
Unknown command.
Unknown command.
Unknown command.
Unknown command.
You closely miss marklar909's illusion.
Marklar909's illusion is lightly damaged.
You block Mara's attack.
Marklar909's illusion casts a spell at you.
The iron shot hits you!!!
You die...
Fedhas appreciates your contribution to the ecosystem.

#...<..##..(.)†.#
#.####.##.^...<.#
#.####(#####
..####.####(######### ####
#........##(#........####...
#.####.#......######......##
#.####R### ####.###
#.####@## ###'#### #.#...8.#
#....... #.#.....# #.......
#.#..>R.# #....... #.#.....#
#....... .'>....# #.......
...#.....# #....<..
##'#.....# #....... .
....... #.....## . ≈≈≈......
#.≈≈≈.#


You could see 2 Maras and marklar909's illusion.

Vanquished Creatures
  The ghost of Eldin the Sorcerer, a veteran DEWz of Sif Muna (Vaults:2)
  A golden dragon (Depths:2)
  Jorgrun (Snake:1)
  3 deep elf blademasters
  A moon troll (WizLab)
  2 deep elf master archers (Elf:3)
  8 tentacled starspawn (WizLab)
  2 quicksilver dragons
  A sphinx (Depths:3)
  Gastronok (Lair:3)
  2 krakens
  A storm dragon (Depths:2)
  A tengu reaver (Depths:2)
  Kirke (Lair:6)
  A shadow dragon (Depths:2)
  Donald (Snake:4)
  An azure jelly (shapeshifter) (Depths:2)
  8 nagarajas
  Aizul (Lair:3)
  8 deep elf sorcerers
  9 vault wardens
  7 fire giants
  5 frost giants
  2 orc warlords
  2 cacodemons (WizLab)
  6 deep elf elementalists
  2 spriggan defenders (Depths:2)
  12 ironheart preservers
  23 stone giants
  An entropy weaver (Vaults:4)
  A war gargoyle (WizLab)
  11 very ugly things
  3 vampire knights
  Nessos (D:14)
  7 deep elf demonologists
  2 deep elf annihilators (Elf:3)
  2 spark wasps (Depths:2)
  The ghost of Ciovowug the Fighter, a journeyman DrTm of Ashenzari (Lair:2)
  An eidolon (Vaults:3)
  The ghost of Vig Uhad the Martial Artist, a journeyman OpTm of Cheibriados (Lair:5)
  9 deep elf death magi
  4 ettins
  5 merfolk javelineers (Shoals:4)
  12 merfolk impalers
  3 jiangshi (Depths:2)
  Snorg (Lair:3)
  8 yaktaur captains
  A crystal guardian (WizLab)
  5 rakshasas
  6 fire dragons
  A great orb of eyes (shapeshifter) (Depths:2)
  9 great orbs of eyes
  8 boulder beetles
  9 ice dragons
  4 deep elf high priests (Elf:3)
  7 hydras
  15 naga warriors
  Fannar (Lair:3)
  A spectral tengu (Vaults:2)
  17 vault guards
  An alligator snapping turtle (Shoals:2)
  2 spriggan air magi
  5 anacondas
  A catoblepas (Lair:6)
  3 death knights
  19 two-headed ogres
  3 merfolk avatars
  4 deep troll shamans
  5 ogre magi
  3 satyrs
  18 centaur warriors
  6 death yaks (Lair:6)
  7 deep troll earth magi
  36 dancing weapons
  14 naga sharpshooters
  3 small abominations
  3 vampire magi
  5 tengu warriors
  7 shock serpents
  3 spriggan berserkers
  6 hell knights
  30 deep elf knights
  Sonja (D:12)
  4 skeletal warriors (Vaults:1)
  An iron troll (Depths:3)
  6 salamander mystics
  A wretched star (WizLab)
  11 sea snakes
  The ghost of wileaway the Geomancer, a novice DrEE of Ashenzari (D:8)
  A flayed ghost (Vaults:2)
  15 deep trolls
  5 wizards
  7 glowing orange brains
  2 unseen horrors
  An orange crystal statue (WizLab)
  A phantasmal warrior (Vaults:4)
  7 naga ritualists
  13 deep elf archers
  25 harpies
  10 ironbrand convokers
  A tengu zombie (Vaults:4)
  A shadow dragon zombie (Depths:2)
  A frost giant zombie (Depths:2)
  10 mana vipers
  15 orc knights
  51 deep elf magi
  9 necromancers
  A mana viper (shapeshifter) (D:14)
  4 wolf spiders
  7 orc sorcerers
  A lindwurm (Lair:6)
  33 ugly things
  A harpy (shapeshifter) (Elf:1)
  14 fauns
  A spectral ettin (Vaults:2)
  9 elephants
  12 cyclopes
  14 manticores
  36 black mambas
  14 salamanders
  A frost giant skeleton (Vaults:4)
  9 merfolk sirens
  A water nymph (Shoals:1)
  A stone giant skeleton (Vaults:4)
  3 black mambas (shapeshifter)
  8 guardian serpents
  A spectral elf (Vaults:2)
  A titan simulacrum (Vaults:2)
  10 cane toads
  Psyche (D:11)
  13 vault sentinels
  39 naga magi
  4 eyes of devastation (WizLab)
  A hellion (Depths:1)
  Maggie (D:7)
  4 rime drakes
  A freezing wraith (Vaults:3)
  10 komodo dragons
  A yaktaur zombie (Depths:1)
  2 kobold demonologists
  A rime drake (shapeshifter) (Vaults:2)
  13 yaktaurs
  A redback zombie (D:13)
  A spectral deep troll (Vaults:2)
  11 polar bears
  2 meliai (shapeshifter)
  4 hellwings (Depths:1)
  A jumping spider (shapeshifter) (D:14)
  A spectral glowing shapeshifter (Vaults:2)
  A tengu conjurer (Depths:2)
  37 merfolk
  A hornet (Depths:2)
  A queen bee (shapeshifter) (Depths:2)
  5 red devils (Depths:1)
  6 trolls
  A polar bear (shapeshifter) (Vaults:1)
  5 wind drakes
  4 snapping turtles
  A sphinx simulacrum (Vaults:1)
  25 blink frogs
  4 raiju (Lair:6)
  An iron dragon simulacrum (Vaults:2)
  21 slime creatures
  2 fire giant simulacra (Vaults:2)
  16 dream sheep
  A frost giant simulacrum (Vaults:3)
  4 redbacks (Vaults:4)
  A spriggan (Depths:2)
  Sigmund (D:4)
  5 air elementals
  2 spriggan skeletons
  A tarantella (shapeshifter) (Vaults:3)
  5 water elementals
  3 fire bats (Depths:1)
  A shadow (D:10)
  A fire bat (shapeshifter) (Vaults:4)
  5 wyverns
  32 yaks
  A yak (shapeshifter) (Vaults:1)
  5 wraiths
  3 basilisks
  4 fire elementals
  A neqoxec (WizLab)
  2 golden eyes (WizLab)
  5 hogs (Lair:6)
  13 wargs
  A steam dragon (D:9)
  10 vampire mosquitoes
  56 nagas
  A soldier ant (shapeshifter) (Vaults:2)
  A soldier ant (D:14)
  An acid dragon (Vaults:1)
  2 floating eyes (shapeshifter)
  A water moccasin (shapeshifter) (Vaults:4)
  11 hell hounds (Lair:6)
  27 water moccasins
  3 phantoms
  7 sky beasts
  A black bear (shapeshifter) (Vaults:4)
  2 human skeletons
  11 ice beasts
  A hornet zombie (D:13)
  44 orc warriors
  16 black bears
  2 eyes of draining
  26 ogres
  25 starcursed masses (WizLab)
  16 wolves
  An ogre (shapeshifter) (Elf:3)
  2 boggarts (Depths:2)
  An eye of draining (shapeshifter) (Vaults:4)
  29 centaurs
  4 big kobolds
  2 human zombies
  18 bullfrogs
  2 earth elementals
  2 wyvern zombies
  A gnoll sergeant (D:8)
  2 wyvern skeletons (D:13)
  6 scorpions
  4 killer bees (D:9)
  6 wights
  5 electric eels
  5 crimson imps (Depths:1)
  5 centaur zombies
  2 bullfrog zombies
  A quasit (D:8)
  7 jellies
  10 orc priests
  4 hounds
  Crazy Yiuf (D:7)
  3 bullfrog skeletons
  3 centaur skeletons
  A water moccasin simulacrum (D:8)
  3 iguanas
  18 orc wizards
  12 worker ants
  3 hell rats
  5 yak simulacra (Lair:3)
  2 polar bear simulacra (Lair:3)
  A killer bee zombie (D:8)
  2 wolf simulacra (Lair:3)
  A spectral hound (D:8)
  2 hound zombies
  A worker ant zombie (D:5)
  18 adders
  11 gnolls
  7 river rats
  4 shadow imps
  3 white imps
  2 worker ant simulacra (D:8)
  3 ufetubi
  2 oozes
  3 adder skeletons
  2 worms
  4 dart slugs
  5 leopard geckos
  97 orcs
  10 ball pythons
  7 giant cockroaches
  19 goblins
  7 hobgoblins
  4 jackals (D:3)
  A quokka (D:6)
  8 bats
  7 frilled lizards
  37 kobolds
  29 rats
  2 river rat simulacra (Lair:3)
  A spectral orc (D:4)
  5 ballistomycete spores
  4 crawling corpses
  3 starspawn tentacles (WizLab)
  8 tentacles
1931 creatures vanquished.

Vanquished Creatures (collateral kills)
  An orc warlord (Orc:2)
  A frost giant (Shoals:4)
  A merfolk impaler (Shoals:2)
  A boulder beetle (D:14)
  A two-headed ogre (Vaults:2)
  A spectral human (Vaults:2)
  A sea snake (Shoals:4)
  A faun (Shoals:2)
  A salamander (Snake:1)
  A black mamba (Lair:6)
  A merfolk siren (Shoals:2)
  2 yaktaurs (Vaults:2)
  4 merfolk
  A blink frog (Lair:3)
  3 dream sheep
  A water elemental (Shoals:2)
  A water moccasin (Lair:3)
  3 orc warriors
  A wolf (Lair:3)
  A centaur (Shoals:4)
  A bullfrog (Lair:3)
  A centaur zombie (D:6)
  3 orc priests (Orc:2)
  3 orc wizards (Orc:2)
  3 hell rats (Lair:6)
  An adder (D:6)
  22 orcs
  139 ballistomycete spores
201 creatures vanquished.

Vanquished Creatures (others)
  A lich (Depths:1)
  A fire giant (Depths:2)
  A deep elf elementalist (Elf:1)
  A vault warden (Vaults:4)
  3 ironheart preservers
  3 stone giants
  An ogre mage (Vaults:2)
  3 vault guards
  A boulder beetle (Vaults:4)
  A centaur warrior (Vaults:2)
  An alligator snapping turtle (Shoals:4)
  A deep troll earth mage (Depths:1)
  A deep troll shaman (Vaults:1)
  An iron troll (Depths:3)
  An unseen horror (D:15)
  4 deep trolls
  An orc knight (Vaults:2)
  A necromancer (Vaults:4)
  An orb spider (shapeshifter) (Vaults:4)
  3 deep elf magi
  5 ugly things
  A cyclops (Vaults:2)
  3 oklob plants (Lair:3)
  A vault sentinel (Vaults:4)
  2 naga magi (Snake:4)
  2 yaktaurs (Vaults:2)
  A komodo dragon (shapeshifter) (Vaults:4)
  A troll (Vaults:4)
  2 slime creatures (Vaults:1)
  A water elemental (Elf:1)
  A human (Lair:6)
  A warg (Vaults:4)
  An orc warrior (Vaults:4)
  An ogre (Vaults:1)
  A wolf (Lair:3)
  A centaur (Vaults:2)
  A bullfrog (Lair:3)
  2 orc priests
  2 orc wizards
  7 orcs
  11 ballistomycete spores
  A demonic plant (WizLab)
  77 fungi
  177 plants
  15 starspawn tentacles (WizLab)
  25 tentacles
  2 withered plants (Lair:5)
376 creatures vanquished.

Grand Total: 2508 creatures vanquished

Notes
Turn   | Place    | Note
-------+----------+-------------------------------------------
     0 | D:1      | marklar909 the Formicid Earth Elementalist began the quest
                  | for the Orb.
     0 | D:1      | Reached XP level 1. HP: 13/13 MP: 3/3
   107 | D:1      | Reached XP level 2. HP: 19/19 MP: 0/5
   418 | D:1      | Reached XP level 3. HP: 24/24 MP: 0/6
   682 | D:1      | Learned a level 3 spell: Stone Arrow
  1029 | D:1      | Reached XP level 4. HP: 38/38 MP: 8/10
  1319 | D:2      | Reached XP level 5. HP: 43/43 MP: 8/11
  1400 | D:2      | Found an ancient bone altar of Kikubaaqudgha.
  1606 | D:2      | Found a blossoming altar of Fedhas.
  1944 | D:2      | Became a worshipper of Fedhas Madash
  2149 | D:3      | Noticed a water elemental
  2150 | D:3      | Found a stormy altar of Qazlal.
  2152 | D:3      | Noticed a fire elemental
  2152 | D:3      | Noticed an air elemental
  2163 | D:3      | Found a sparkling altar of Nemelex Xobeh.
  2421 | D:3      | Reached XP level 6. HP: 49/49 MP: 1/12
  2655 | D:3      | Reached * piety under Fedhas
  2748 | D:3      | Learned a level 5 spell: Lee's Rapid Deconstruction
  2753 | D:3      | Learned a level 4 spell: Petrify
  2821 | D:3      | Reached skill level 5 in Armour
  3025 | D:3      | Found a radiant altar of Vehumet.
  3701 | D:4      | Noticed an ogre
  3706 | D:4      | Killed an ogre
  3706 | D:4      | Reached XP level 7. HP: 38/55 MP: 0/13
  4275 | D:4      | Noticed Ijyb
  4276 | D:4      | Noticed Ijyb
  4276 | D:4      | Ijyb changed into Ijyb the gnoll
  4296 | D:4      | Killed Ijyb the gnoll
  4422 | D:4      | Found a broken altar of Ashenzari.
  4479 | D:4      | Noticed Sigmund
  4539 | D:4      | Killed Sigmund
  4539 | D:4      | Reached skill level 5 in Fighting
  4539 | D:4      | Reached skill level 5 in Stealth
  4813 | D:4      | Reached XP level 8. HP: 62/62 MP: 14/14
  4971 | D:4      | Found a glowing silver altar of Zin.
  5116 | D:4      | Reached skill level 1 in Polearms
  5302 | D:4      | Found a basalt altar of Yredelemnul.
  5361 | D:5      | Entered Level 5 of the Dungeon
  5369 | D:5      | Found a glowing drain.
  5384 | D:5      | Reached ** piety under Fedhas
  5402 | Sewer    | Entered a sewer
  5978 | Sewer    | Reached *** piety under Fedhas
  6988 | D:6      | Reached XP level 9. HP: 60/68 MP: 9/16
  7182 | D:6      | Reached **** piety under Fedhas
  7472 | D:6      | Reached skill level 5 in Spellcasting
  8023 | D:6      | Found a staircase to the Ecumenical Temple.
  8292 | D:7      | Found Mimitt's Elemental Accessories.
  8292 | D:7      | Noticed Maggie
  8399 | D:7      | Killed Maggie
  8857 | D:7      | Found a runed translucent door.
  8858 | D:7      | Noticed Crazy Yiuf
  9099 | D:7      | Killed Crazy Yiuf
  9142 | D:8      | Found a staircase to the Lair.
  9144 | D:8      | Reached XP level 10. HP: 71/74 MP: 15/18
  9482 | D:8      | Found a bloodstained altar of Trog.
  9741 | D:8      | Identified a scroll of acquirement
  9741 | D:8      | Acquired a +2 kite shield of poison resistance
 10018 | D:8      | Found a runed translucent gate.
 10018 | D:8      | Found a runed translucent gate.
 10019 | D:8      | Found a runed translucent gate.
 10019 | D:8      | Noticed wileaway's ghost (novice DrEE)
 10424 | D:9      | Noticed a two-headed ogre
 10938 | D:9      | Reached skill level 1 in Shields
 10977 | D:9      | Killed a two-headed ogre
 11384 | D:9      | Found a hide-covered altar of Uskayaw.
 11712 | D:9      | Found a glowing golden altar of the Shining One.
 11824 | D:10     | Entered Level 10 of the Dungeon
 11830 | D:10     | Found a staircase to the Orcish Mines.
 11830 | D:10     | Noticed a two-headed ogre
 11876 | D:10     | Killed a two-headed ogre
 12135 | D:10     | Noticed an unseen horror
 12148 | D:10     | Killed an unseen horror
 12148 | D:10     | Reached XP level 11. HP: 76/82 MP: 15/20
 12582 | D:10     | Noticed a boulder beetle
 12605 | D:10     | Killed a boulder beetle
 12771 | D:10     | Found a hide-covered altar of Uskayaw.
 13081 | D:10     | Reached skill level 5 in Invocations
 13241 | D:10     | Reached ***** piety under Fedhas
 13367 | D:10     | Noticed a cyclops
 14007 | D:10     | Killed a cyclops
 14147 | D:10     | Noticed a centaur warrior
 14171 | D:10     | Killed a centaur warrior
 14454 | D:11     | Found a transporter.
 14456 | D:11     | Found a transporter.
 14458 | D:11     | Noticed an orc sorcerer
 14459 | D:11     | Found a roughly hewn altar of Beogh.
 14459 | D:11     | Noticed an ogre mage
 14464 | D:11     | Noticed a cyclops
 14499 | D:11     | Reached skill level 5 in Transmutations
 14519 | D:11     | Noticed a two-headed ogre
 14688 | D:11     | Noticed a white ugly thing
 14832 | D:11     | Killed a white ugly thing
 14853 | D:11     | Noticed a boulder beetle
 14867 | D:11     | Killed a boulder beetle
 14867 | D:11     | Reached XP level 12. HP: 87/91 MP: 11/21
 14999 | D:11     | Noticed Psyche
 15012 | D:11     | Killed Psyche
 15383 | Lair:1   | Entered Level 1 of the Lair of Beasts
 15405 | Lair:1   | Reached skill level 10 in Earth Magic
 15483 | Lair:1   | Found a frozen archway.
 15499 | IceCv    | Entered an ice cave
 15514 | IceCv    | Found a transporter.
 16484 | Lair:2   | Found a runed translucent door.
 16487 | Lair:2   | Noticed a four-headed hydra
 16488 | Lair:2   | Noticed Ciovowug's ghost (journeyman DrTm)
 16532 | Lair:2   | Found a staircase to the Shoals.
 17441 | Lair:3   | Reached skill level 5 in Polearms
 17583 | Lair:3   | Noticed Snorg
 17611 | Lair:3   | Killed Snorg
 17611 | Lair:3   | Reached skill level 5 in Shields
 18178 | Lair:3   | Found a staircase to the Snake Pit.
 18224 | Lair:3   | Learned a level 4 spell: Passage of Golubria
 18278 | Lair:3   | Reached XP level 13. HP: 94/99 MP: 18/23
 19080 | Lair:3   | Noticed Gastronok
 19093 | Lair:3   | Killed Gastronok
 19884 | Lair:3   | You fall into a shaft and drop 2 floors!
 20663 | Lair:3   | Noticed Fannar
 20673 | Lair:3   | Killed Fannar
 21383 | D:8      | Acquired 1042 gold pieces
 22462 | Lair:5   | Found a runed translucent door.
 22462 | Lair:5   | Found the ring of Phasing {EV+8}
 22462 | Lair:5   | Noticed Vig Uhad's ghost (journeyman OpTm)
 22686 | Lair:5   | Found a staircase to the Slime Pits.
 23488 | Lair:5   | Reached XP level 14. HP: 91/109 MP: 25/25
 24331 | Lair:5   | Killed Vig Uhad's ghost
 24338 | Lair:5   | Identified the Compendium of Cankerous Dislocation
 24539 | Lair:6   | Entered Level 6 of the Lair of Beasts
 24549 | Lair:6   | Reached skill level 5 in Dodging
 24947 | Lair:6   | Reached skill level 10 in Fighting
 25476 | Lair:6   | Reached skill level 10 in Armour
 26398 | Lair:6   | Noticed Kirke
 26410 | Lair:6   | Noticed a sphinx
 26456 | Lair:6   | Killed Kirke
 29067 | Lair:6   | Reached XP level 15. HP: 77/117 MP: 11/26
 30673 | Lair:6   | Got a polished plate armour
 31362 | Orc:1    | Entered Level 1 of the Orcish Mines
 31379 | Orc:1    | Reached skill level 1 in Evocations
 31387 | Orc:1    | Noticed an orc warlord
 31825 | Orc:1    | Killed an orc warlord
 32404 | Orc:2    | Entered Level 2 of the Orcish Mines
 32418 | Orc:2    | Noticed an orc warlord
 32720 | Orc:2    | Reached skill level 10 in Shields
 32731 | Orc:2    | Killed an orc warlord
 33019 | Orc:2    | Found a roughly hewn altar of Beogh.
 33021 | Orc:2    | Found Yrghotest's Weapon Shop.
 33108 | Orc:2    | Found a staircase to the Elven Halls.
 33133 | Orc:2    | Found a roughly hewn altar of Beogh.
 33226 | Orc:2    | Found a roughly hewn altar of Beogh.
 33268 | Orc:2    | Found a roughly hewn altar of Beogh.
 33269 | Orc:2    | Found Maffugui's Book Shop.
 33578 | Orc:2    | Found a roughly hewn altar of Beogh.
 33680 | Orc:2    | Found a roughly hewn altar of Beogh.
 33835 | Orc:2    | Found a roughly hewn altar of Beogh.
 33982 | Orc:2    | Noticed an orc warlord
 33991 | Orc:2    | Killed an orc warlord
 34018 | Orc:2    | Found Plog's Antique Weapon Shoppe.
 34019 | Orc:2    | Found a roughly hewn altar of Beogh.
 34038 | Orc:2    | Found Dechuod's Antique Armour Emporium.
 34087 | Orc:2    | Bought a dazzling chain mail for 266 gold pieces
 34480 | D:12     | Noticed Sonja
 34485 | D:12     | Killed Sonja
 36626 | D:13     | Reached XP level 16. HP: 88/125 MP: 28/28
 37139 | D:14     | Found a glowing silver altar of Zin.
 37608 | D:14     | Noticed Nessos
 37621 | D:14     | Killed Nessos
 38037 | D:14     | Reached skill level 10 in Transmutations
 38489 | D:14     | Found a portal to a secret trove of treasure.
 38652 | D:14     | Found a gate to the Vaults.
 38980 | D:15     | Entered Level 15 of the Dungeon
 40617 | D:15     | Found a staircase to the Depths.
 41280 | D:11     | Identified the +6 chain mail of the Morning {*Drain +Blink
                  | Str+3 Int+3} (You bought it in a shop on level 2 of the
                  | Orcish Mines)
 41573 | Snake:1  | Entered Level 1 of the Snake Pit
 41573 | Snake:1  | Noticed Jorgrun
 41589 | Snake:1  | Killed Jorgrun
 41647 | Snake:1  | Noticed Aizul
 41666 | Lair:3   | Killed Aizul
 41818 | Lair:3   | Upgraded the game from 0.26-a0-661-g406de6ba63 to
                  | 0.26-a0-662-g8b9c6dab81
 41906 | Snake:1  | Reached XP level 17. HP: 83/132 MP: 0/29
 43034 | Snake:1  | Found Caamy's Antique Weapon Shoppe.
 43616 | Shoals:1 | Entered Level 1 of the Shoals
 44737 | Shoals:1 | Noticed a kraken
 44799 | Shoals:1 | Killed a kraken
 45359 | Shoals:2 | Reached skill level 10 in Polearms
 46131 | Shoals:2 | Noticed a kraken
 46786 | Shoals:2 | Killed a kraken
 47572 | Shoals:3 | Reached XP level 18. HP: 141/141 MP: 31/31
 50026 | Snake:2  | Learned a level 5 spell: Irradiate
 50460 | Snake:2  | Found Kotauj's Jewellery Boutique.
 51178 | Snake:2  | Gained mutation: Potions are less effective at restoring
                  | your health. [mutagenic glow]
 51190 | Snake:2  | Gained mutation: You are clumsy. (Dex -2) [mutagenic glow]
 51198 | Snake:2  | Reached skill level 5 in Conjurations
 51622 | Snake:2  | Lost mutation: You are clumsy. (Dex -2) [potion of
                  | mutation]
 51622 | Snake:2  | Gained mutation: You are frail. (-10% HP) [potion of
                  | mutation]
 51622 | Snake:2  | Gained mutation: You have sharp toenails. [potion of
                  | mutation]
 51623 | Snake:2  | Lost mutation: You are frail. (-10% HP) [potion of
                  | mutation]
 51623 | Snake:2  | Lost mutation: Potions are less effective at restoring your
                  | health. [potion of mutation]
 51623 | Snake:2  | Gained mutation: You occasionally shout uncontrollably at
                  | your foes. [potion of mutation]
 51623 | Snake:2  | Gained mutation: You are covered in fur. (AC +1) [potion of
                  | mutation]
 51623 | Snake:2  | Gained mutation: You have a somewhat thin skeletal
                  | structure. (Dex +2, Stealth) [potion of mutation]
 52086 | Snake:3  | Reached skill level 10 in Invocations
 53044 | Shoals:3 | Acquired a +3 bardiche of venom
 53056 | Shoals:4 | Entered Level 4 of the Shoals
 53056 | Shoals:4 | Found Tolickur's Armour Shop.
 53124 | Shoals:4 | Found Poeth's Antique Armour Boutique.
 53667 | Shoals:4 | Learned a level 6 spell: Statue Form
 53699 | Shoals:4 | Bought a runed tower shield for 330 gold pieces
 54507 | Shoals:4 | Reached XP level 19. HP: 112/148 MP: 23/32
 54942 | Shoals:4 | Got a barnacled rune of Zot
 55410 | Shoals:4 | Identified the Collected Works on Translocation and
                  | Intoxication
 55419 | Shoals:4 | Learned a level 6 spell: Eringya's Noxious Bog
 55564 | Shoals:4 | Found Aradwori's Assorted Antiques.
 55571 | Shoals:4 | Bought a potion of lignification for 102 gold pieces
 55571 | Shoals:4 | Bought a scroll of fog for 68 gold pieces
 55571 | Shoals:4 | Bought a scroll of enchant weapon for 255 gold pieces
 55571 | Shoals:4 | Bought a potion of mutation for 272 gold pieces
 55619 | Shoals:4 | Got a translucent bone ring
 56193 | Snake:2  | Bought an uncursed amulet of reflection for 420 gold pieces
 56205 | Snake:2  | Identified the ring "Jaeklaaz" {rPois rC- Str+6 Dex+4
                  | Stlth+} (You found it on level 4 of the Shoals)
 56535 | Snake:4  | Entered Level 4 of the Snake Pit
 56685 | Snake:4  | Reached skill level 1 in Poison Magic
 56890 | Snake:4  | Reached skill level 10 in Spellcasting
 56936 | Snake:4  | Found Jaxalo's Weapon Shop.
 56953 | Snake:4  | Reached skill level 1 in Translocations
 58197 | Snake:4  | Noticed Donald
 58209 | Snake:4  | Killed Donald
 58308 | Snake:4  | Reached ****** piety under Fedhas
 58862 | Snake:4  | Reached XP level 20. HP: 154/156 MP: 34/34
 59159 | Snake:4  | Got a serpentine rune of Zot
 60116 | Elf:1    | Entered Level 1 of the Elven Halls
 60385 | Elf:1    | Reached skill level 5 in Poison Magic
 61769 | Elf:2    | Reached skill level 15 in Earth Magic
 61775 | Elf:2    | Reached skill level 15 in Shields
 61977 | Elf:2    | Found an ancient bone altar of Kikubaaqudgha.
 62121 | Elf:2    | Found a runed translucent gate.
 62121 | Elf:2    | Found a runed translucent gate.
 62122 | Elf:2    | Found a runed translucent gate.
 62609 | Elf:2    | Reached XP level 21. HP: 103/162 MP: 7/36
 63266 | Elf:3    | Entered Level 3 of the Elven Halls
 63304 | Elf:3    | Reached skill level 5 in Translocations
 63474 | Elf:3    | Found Oprusem's Antique Weapon Shoppe.
 64016 | Elf:3    | Found a radiant altar of Vehumet.
 64912 | Elf:3    | Identified the ring of Saciwul {+Fly Int+5 Dex-3}
 64916 | Elf:3    | Identified the ring "Maet" {rC++ MR+}
 65309 | Elf:3    | Identified the amulet of the Morning {Regen+ Str+5}
 66277 | Elf:3    | Identified the ring of Devotion {*Tele Str+4}
 66641 | Elf:3    | Identified Ekluj's Compendium of Feathery Dark Magic
 66649 | Elf:3    | Identified the Grimoire of Confrontation and Intoxication
 67195 | Snake:1  | Bought the +9 heavy crossbow "Sniper" {vorpal, Acc+∞ SInv}
                  | for 2776 gold pieces
 67195 | Snake:1  | Found the +9 heavy crossbow "Sniper" {vorpal, Acc+∞ SInv}
 67645 | D:2      | Found a shadowy altar of Dithmenos.
 69201 | D:8      | Killed wileaway's ghost
 70140 | Lair:2   | Killed Ciovowug's ghost
 70498 | Vaults:1 | Entered Level 1 of the Vaults
 70710 | Vaults:1 | Reached XP level 22. HP: 160/170 MP: 38/38
 70750 | Vaults:1 | Reached skill level 1 in Crossbows
 72692 | Vaults:2 | Found a runed translucent gate.
 72694 | Vaults:2 | Found a runed translucent gate.
 72695 | Vaults:2 | Found a runed translucent gate.
 72713 | Vaults:2 | Noticed Eldin's ghost (veteran DEWz)
 73300 | Vaults:2 | Reached skill level 5 in Crossbows
 73305 | Vaults:2 | Reached skill level 10 in Poison Magic
 73775 | Vaults:2 | Killed Eldin's ghost
 73981 | Vaults:3 | Found a staircase to the Crypt.
 74097 | Vaults:3 | Found Lolif's Book Shoppe.
 74116 | Vaults:3 | Reached XP level 23. HP: 151/177 MP: 35/39
 74150 | Vaults:3 | Bought the Compendium of Indecent Exposure for 900 gold
                  | pieces
 74157 | Vaults:3 | Learned a level 6 spell: Iron Shot
 74163 | Vaults:3 | Learned a level 5 spell: Bolt of Magma
 75517 | Vaults:3 | Found Bigoguar's Weapon Boutique.
 75520 | Vaults:3 | Found Bogiv's Magic Scroll Shoppe.
 75530 | Vaults:3 | Bought a scroll of enchant armour for 105 gold pieces
 75530 | Vaults:3 | Bought a scroll of enchant armour for 105 gold pieces
 75530 | Vaults:3 | Bought a scroll of enchant weapon for 105 gold pieces
 75530 | Vaults:3 | Bought a scroll of amnesia for 49 gold pieces
 78110 | Depths:1 | Entered Level 1 of the Depths
 78186 | Depths:1 | Found a runed translucent door.
 78230 | Depths:1 | Found a gateway to Hell.
 78315 | Depths:1 | Reached XP level 24. HP: 186/186 MP: 17/39
 78483 | Depths:1 | Found Husom's Blood Bar.
 78533 | Depths:1 | Found a magical portal.
 78540 | WizLab   | Entered Lehudib's Moon Base
 78668 | WizLab   | Found a transporter.
 79032 | WizLab   | Gained mutation: You are frail. (-10% HP) [a cacodemon]
 79748 | WizLab   | Found a transporter.
 79850 | WizLab   | Got a crude jade ring
 80102 | WizLab   | Identified the ring "Xeereova" {*Corrode AC+4 Int+2 Dex+2}
                  | (You found it in a wizard's laboratory)
 81339 | Depths:2 | Found a basalt altar of Yredelemnul.
 81339 | Depths:2 | Found a basalt altar of Yredelemnul.
 81340 | Depths:2 | Found a shimmering altar of Xom.
 81601 | Depths:2 | Reached XP level 25. HP: 173/173 MP: 40/40
 82216 | Depths:2 | Reached skill level 15 in Fighting
 82330 | Depths:2 | Identified the +8 fire dragon scales "Asuwuq" {rF++ rC-
                  | Int+5 Dex+4}
 82348 | Depths:2 | HP: 8/226 [tengu reaver/+2 great sword (4)]
 82373 | Depths:2 | HP: 5/226 [frost giant/+1 battleaxe of freezing (29)]
 82373 | Depths:2 | HP: 1/226 [frost giant/+1 battleaxe of freezing (4)]
 83007 | Depths:1 | Identified the +6 halberd "Laomaumn" {drain, +Blink MP+9
                  | Int-5 Stlth+} (You found it on level 1 of the Depths)
 83283 | D:8      | Reached XP level 26. HP: 180/180 MP: 40/40
 83285 | D:8      | Lost mutation: You have a somewhat thin skeletal structure.
                  | (Dex +2, Stealth) [potion of mutation]
 83285 | D:8      | Lost mutation: You occasionally shout uncontrollably at
                  | your foes. [potion of mutation]
 83285 | D:8      | Lost mutation: You have sharp toenails. [potion of
                  | mutation]
 83285 | D:8      | Lost mutation: You are frail. (-10% HP) [potion of
                  | mutation]
 83285 | D:8      | Gained mutation: Scrolls take you a little longer to read.
                  | [potion of mutation]
 83285 | D:8      | Gained mutation: You are dopey. (Int -2) [potion of
                  | mutation]
 83285 | D:8      | Gained mutation: You passively map a small area around you.
                  | [potion of mutation]
 83286 | D:8      | Lost mutation: Scrolls take you a little longer to read.
                  | [potion of mutation]
 83286 | D:8      | Lost mutation: You passively map a small area around you.
                  | [potion of mutation]
 83286 | D:8      | Gained mutation: Your magical capacity is low. (-10% MP)
                  | [potion of mutation]
 83286 | D:8      | Gained mutation: Your muscles are strong. (Str +2) [potion
                  | of mutation]
 83866 | Depths:3 | Noticed Mara
 83880 | Depths:3 | Noticed marklar909's illusion
 84085 | Depths:3 | Noticed marklar909's illusion
 84111 | Depths:3 | Noticed marklar909's illusion
 84118 | Depths:3 | Noticed marklar909's illusion
 84128 | Depths:3 | Killed from afar by marklar909's illusion (illusionary)

Illustrated notes

Levels and vault maps discovered:
D:1:      eino_arrival_tree_alley, layout_basic, minmay_stone_trees_small
D:2:      layout_loops_ring, marbit_many_paths, old_standard_altar,
          serial_glass, glass_columns_b, glass_columns_a, glass_columns_a,
          glass_columns_c, glass_columns_b, glass_columns_c, glass_columns_a,
          glass_columns_a, glass_columns_a, glass_columns_c,
          fedhas_altar_fruit_tree
D:3:      layout_loops_corners, overflow_temple_1_default,
          nicolae_overflow_crystal_walls, nicolae_qazlal_style_of_elements
D:4:      layout_loops_corners, yredelemnul_forgotten_temple_becter,
          zin_academy, cheibrodos_ashenzari_chains, uniq_sigmund, uniq_ijyb
D:5:      layout_rooms, portal_sewer_entry_b, minmay_ogre_servants
D:6:      layout_rooms, temple_fountains, hex_large, kennysheep_dice
D:7:      layout_basic, hangedman_decor_peaks_small, nicolae_elemental_shop,
          uniq_maggie, uniq_crazy_yiuf_cottage
D:8:      layout_basic, kennysheep_mini_moat, lair_entry_dummy,
          gammafunk_ghost_necromancy
D:9:      layout_loops_ring, tso_oasis_becter, overflow_temple_1_default
D:10:     minmay_blocky_corners, layout_loops_cross, orc_0_dummy,
          minmay_ruined_shrine
D:11:     gammafunk_beogh_shrine, layout_basic, uniq_psyche
D:12:     layout_basic, uniq_sonja
D:13:     layout_loops_corners, gauntlet_entry_generic, drop_trap, st_stairs_6
D:14:     layout_small_grid, david_vaults_4, trove_entry_hex_spiral,
          lemuel_crystal_altar, uniq_nessos
D:15:     grunt_enter_depths_hoard, layout_rooms,
          chequers_serial_rivers_small_3, chequers_serial_rivers_micro_a
Lair:1:   layout_chaotic_city, portal_ice_cave_entry_pillars_2
Lair:2:   layout_chaotic_city, elwin_shoals_entry_rocks,
          ebering_ghost_inner_flame
Lair:3:   minmay_lair_oklob_tunnel, layout_cave_pods,
          minmay_snake_entry_six_corridors, st_stairs_4, eino_house_with_fridge,
          infiniplex_staircase_pool_2, uniq_snorg, uniq_fannar, uniq_gastronok
Lair:4:   layout_hall_layers, beast_lair_carwin_4
Lair:5:   layout_hall_layers, minmay_slime_entry_pillars, gammafunk_ghost_grave,
          lemuel_fruit_tree
Lair:6:   hangedman_lair_in_review, layout_long_grid,
          hangedman_lair_caniforms_friends, grunt_megastairs_1,
          infiniplex_staircase_pool, serial_bayou_shore_b, uniq_kirke
Shoals:1: layout_shoals
Shoals:2: layout_shoals, nicolae_shoals_circle_sea_wall
Shoals:3: layout_shoals
Shoals:4: shoals_end_grunt_ice, layout_shoals, serial_shops,
          nicolae_shop_statue_plus, nicolae_shop_competitors_out_of_business,
          nicolae_shop_behind_doors
Snake:1:  layout_onion, serial_shops, shop, drop_trap, grunt_megastairs_2,
          uniq_aizul, uniq_jorgrun
Snake:2:  layout_cave_pods, special_room, serial_shops,
          nicolae_shop_behind_doors
Snake:3:  layout_misc_corridors
Snake:4:  snake_pit, layout_cave_town, serial_shops, nicolae_shop_trees,
          drop_trap, uniq_donald
Orc:1:    layout_diamond_mine
Orc:2:    grunt_orc_community_town_hall, layout_diamond_mine,
          grunt_orc_community_big_house_1, grunt_orc_community_big_house_1,
          grunt_orc_community_house_3, grunt_orc_community_house_1,
          grunt_orc_community_house_3, grunt_orc_community_house_3, basic_altar
Elf:1:    minmay_the_grid_triangle_9x9_recursive_3_mashed
          [minmay_the_grid_triangle_9x9_empty,
          minmay_the_grid_triangle_9x9_steps,
          minmay_the_grid_triangle_9x9_semitri,
          minmay_the_grid_triangle_9x9_prize_center,
          minmay_the_grid_triangle_9x9_empty,
          minmay_the_grid_triangle_9x9_checkered,
          minmay_the_grid_triangle_9x9_sprig,
          minmay_the_grid_triangle_9x9_longest,
          minmay_the_grid_triangle_9x9_cache], layout_gridlike,
          serial_co_window_serial, co_window_paths_a,
          co_window_of_opportunity_a, co_window_corner_a, co_window_paths_a,
          co_window_of_opportunity_a, co_window_corner_cb,
          co_window_of_opportunity_b, co_window_corner_b, co_window_sun,
          glass_columns_b
Elf:2:    layout_geoelf_grid, basic_altar
Elf:3:    minmay_elf_hall_x, layout_geoelf_castle, serial_shops, shop,
          ebering_dispersal_statue_hall, grunt_ministairs_6, abandoned_shop,
          david_defended_altar_elf
Vaults:1: v_misc_14, v_pattern_5, dpeg_vaults_monster_row,
          nicolae_vaults_mini_display_case, hangedman_vaults_snaps,
          nicolae_vaults_yaktaur_gun_rack, ontoclasm_vaults_gateway, v_rooms_4,
          ontoclasm_vaults_fault, v_misc_17, nicolae_vaults_shelves_hall,
          layout_vaults_ring
Vaults:2: gammafunk_vaults_ghost_necromancy, vaults_room_fancy_cross,
          vaults_dpeg_doors, hangedman_vaults_maws, nicolae_vaults_meeting,
          vaults_mumra_hexcomb, hangedman_vaults_river_flow,
          nicolae_vaults_circle_grid_b, grunt_vaults_hallway_short,
          nicolae_vaults_big_ls, v_misc_9, nicolae_vaults_theta,
          hangedman_vaults_cutoff, layout_vaults_maze_snakey
Vaults:3: minmay_crypt_entry_simple_plaza, nicolae_vaults_holding_cells,
          v_misc_19, nicolae_vaults_theta, vaults_dpeg_encased_lava,
          hangedman_vaults_stretched_pinwheel,
          nicolae_vaults_bisected_inception, nicolae_vaults_little_squares_2,
          v_misc_5, vaults_mumra_chevron, grunt_vaults_hallway_short, v_misc_1,
          nicolae_vaults_alarming, hangedman_vaults_cutoff,
          ontoclasm_vaults_twist, layout_vaults_omnicross, serial_shops, shop,
          nicolae_shop_competitors_out_of_business, shop
Vaults:4: nicolae_vaults_network_star, ontoclasm_vaults_idyll,
          nicolae_vaults_little_squares_5, v_rooms_3,
          ontoclasm_vaults_decontamination, hangedman_vaults_unwind, v_misc_26,
          vaults_room_grid, nicolae_vaults_shelves_hall, hangedman_vaults_pinch,
          vaults_dpeg_cross, v_misc_5, nicolae_vaults_asterisk,
          layout_vaults_omnibox
Depths:1: layout_gridlike, mu_enter_wizlab_2, hellmouth_3, minmay_misc_feat_chi,
          drop_trap, minmay_st_funbox, minmay_misc_feat_x, nrook_mini_vaults,
          guppyfry_shop_blood, serial_bayou_shore_b
Depths:2: hangedman_slaughterboxes, hell_entry
Depths:3: gammafunk_sealed_arena, layout_gridlike, rand_demon_pan_entry_4,
          serial_shops, shop, hell_entry, hangedman_decor_clover_reticule,
          uniq_mara, uniq_margery, uniq_boris

Skill      XL: |  1  2  3  4  5  6  7  8  9 10 11 12 13 14 15 16 17 18 19 20 21 22 23 24 25 |
---------------+----------------------------------------------------------------------------+-----
Dodging        | 2 3 4 5 6 7 8 9 |  9.0
Earth Magic    | 4 6 7 8 9 10 11 12 13 14 15 16 17 | 17.3
Fighting       | 4 5 6 7 8 9 10 11 12 13 14 15 | 15.2
Throwing       | 2 3 4 |  4.3
Armour         | 4 5 6 7 8 9 10 11 12 13 14 | 14.9
Stealth        | 4 5 6 7 8 |  8.2
Spellcasting   | 4 5 6 7 8 9 10 11 12 13 | 13.6
Conjurations   | 2 3 4 5 6 7 |  7.1
Transmutations | 2 4 5 6 7 8 9 10 11 12 13 14 | 14.7
Polearms       | 1 2 4 5 6 7 9 10 11 12 13 14 | 14.9
Invocations    | 2 3 4 5 7 8 9 10 11 12 | 12.8
Shields        | 2 4 5 7 9 10 11 13 14 15 16 17 | 17.6
Evocations     | 1 |  1.7
Poison Magic   | 3 6 8 10 11 12 | 12.6
Translocations | 2 4 6 7 |  7.0
Crossbows      | 5 6 7 8 |  8.4
Unarmed Combat | |  0.5
Fire Magic     | |  0.6

Action                   |  1- 3 |  4- 6 |  7- 9 | 10-12 | 13-15 | 16-18 | 19-21 | 22-24 | 25-27 || total
-------------------------+-------+-------+-------+-------+-------+-------+-------+-------+-------++-------
Melee: Unarmed           |     8 |     2 |       |       |       |       |       |       |       ||    10
       Spear             |       |       |   220 |   498 |   319 |       |       |       |       ||  1037
       Punch             |       |       |     1 |       |       |       |       |       |       ||     1
       Halberd           |       |       |       |    39 |   589 |    50 |       |       |       ||   678
       Glaive            |       |       |       |       |   468 |   685 |       |       |       ||  1153
       Demon trident     |       |       |       |       |       |   604 |  1405 |  1203 |   330 ||  3542
       Trident           |       |       |       |       |       |   116 |       |       |       ||   116
       Bardiche          |       |       |       |       |       |    80 |       |       |       ||    80
       Kick              |       |       |       |       |       |     2 |   152 |   402 |   103 ||   659
 Fire: Heavy crossbow    |       |       |       |       |       |       |    22 |   104 |       ||   126
Throw: Dart              |       |    14 |    63 |    80 |    37 |    33 |       |       |       ||   227
       Stone             |       |     1 |       |       |       |       |       |       |       ||     1
 Cast: Sandblast         |    39 |    35 |    69 |    88 |    81 |    43 |       |       |       ||   355
       Stone Arrow       |       |    30 |   115 |   114 |   184 |    31 |     1 |       |       ||   475
       Lee's Rapid Decon |       |       |       |     4 |     9 |    86 |   139 |    80 |    14 ||   332
       Petrify           |       |       |       |       |     2 |    20 |     2 |       |       ||    24
       Irradiate         |       |       |       |       |       |     3 |     5 |     8 |     3 ||    19
       Statue Form       |       |       |       |       |       |     1 |    51 |    84 |    25 ||   161
       Eringya's Noxious |       |       |       |       |       |       |     2 |    37 |     3 ||    42
       Bolt of Magma     |       |       |       |       |       |       |       |     2 |       ||     2
       Iron Shot         |       |       |       |       |       |       |       |    11 |       ||    11
Invok: Wall of Briars    |       |       |     3 |    12 |    17 |     9 |       |     1 |       ||    42
       Grow Ballistomyce |       |       |       |     2 |    12 |     8 |       |     3 |       ||    25
       Overgrow          |       |       |       |       |     1 |     3 |       |     1 |       ||     5
       Grow Oklob        |       |       |       |       |     1 |     1 |       |     3 |       ||     5
 Abil: Dig               |       |       |       |       |     3 |     5 |     2 |     2 |       ||    12
Evoke: Wand              |       |       |    10 |     1 |     1 |     2 |       |       |       ||    14
       Tin of tremorston |       |       |       |       |     3 |       |       |       |       ||     3
       Condenser vane    |       |       |       |       |     2 |     4 |     1 |       |       ||     7
       Box of beasts     |       |       |       |       |       |     1 |       |       |       ||     1
  Use: Scroll            |     2 |       |    10 |     9 |    16 |    10 |     9 |    11 |     2 ||    69
       Potion            |     1 |       |       |       |     3 |    12 |     2 |     5 |     5 ||    28
 Stab: Paralysed         |       |       |    21 |       |     2 |       |       |       |       ||    23
       Sleeping          |       |       |       |     6 |    17 |     5 |     3 |     7 |     4 ||    42
       Distracted        |       |       |       |     1 |     5 |     6 |     5 |     3 |     1 ||    21
       Confused          |       |       |       |       |     5 |     7 |       |       |       ||    12
       Petrified         |       |       |       |       |     4 |    28 |       |       |       ||    32
       Petrifying        |       |       |       |       |     1 |       |     1 |       |       ||     2
       Invisible         |       |       |       |       |       |     4 |       |       |       ||     4
Armor: Robe              |     7 |       |       |       |       |       |       |       |       ||     7
       Leather armour    |       |     3 |    57 |       |       |       |       |       |       ||    60
       Acid dragon scale |       |       |     5 |   206 |   433 |   108 |       |       |       ||   752
       Chain mail        |       |       |       |       |       |   385 |   142 |    73 |     6 ||   606
       Skin              |       |       |       |       |       |     9 |   131 |   284 |    87 ||   511
Dodge: Dodged            |    16 |    26 |   196 |   208 |  1288 |  1140 |   401 |   523 |   115 ||  3913
Block: Kite shield       |       |       |       |   292 |  1238 |  1412 |   181 |       |       ||  3123
       Tower shield      |       |       |       |       |       |       |  1162 |  1636 |   420 ||  3218
       Reflection        |       |       |       |       |       |       |   143 |       |       ||   143

Table legend: (Time is in decaauts)
 A = Elapsed time spent in this place.
 B = Non-inter-level travel time spent in this place.
 C = Inter-level travel time spent in this place.
 D = Time resting spent in this place.
 E = Time spent auto-exploring this place.
 F = Levels seen in this place.
 G = Mean time per level.
                   A        B        C        D        E       F      G
               +--------+--------+--------+--------+--------+-----+--------+
         Total |  88034 |  75791 |  12243 |  14333 |  42657 |  44 | 2000.8 |
       Dungeon |  26330 |  21399 |   4931 |   3301 |  13610 |  15 | 1755.3 |
          Lair |  17217 |  14720 |   2497 |   3072 |   8385 |   6 | 2869.5 |
        Shoals |   8805 |   7617 |   1188 |   2322 |   3430 |   4 | 2201.2 |
     Snake Pit |   9265 |   8460 |    805 |   2671 |   3882 |   4 | 2316.2 |
  Orcish Mines |   2851 |   2145 |    706 |    333 |   1064 |   2 | 1425.5 |
   Elven Halls |   7717 |   6529 |   1188 |   1577 |   3103 |   3 | 2572.3 |
        Vaults |   8320 |   7798 |    522 |    364 |   4928 |   4 | 2080.0 |
        Depths |   4731 |   4327 |    404 |    664 |   2420 |   3 | 1577.0 |
         Sewer |    887 |    887 |      0 |      9 |    572 |   1 |  887.0 |
      Ice Cave |     98 |     98 |      0 |     15 |      0 |   1 |   98.0 |
        Wizlab |   1808 |   1808 |      0 |      4 |   1259 |   1 | 1808.0 |
               +--------+--------+--------+--------+--------+-----+--------+

Top non-repeatable levels by time:
  Lair:6: 5505 daAuts
  Lair:3: 4305 daAuts
   Elf:3: 3752 daAuts
Shoals:3: 3077 daAuts
  Lair:5: 3054 daAuts
    D:10: 2859 daAuts
    D:14: 2744 daAuts
 Snake:4: 2669 daAuts
     D:8: 2611 daAuts
 Snake:2: 2607 daAuts
Depths:2: 2534 daAuts
     D:9: 2379 daAuts
   Elf:1: 2240 daAuts
Vaults:3: 2238 daAuts
 Snake:1: 2215 daAuts
